AoeStats
← Hyper-Drive

Lombardia

509383819Analyzed
4v4 RM · 5d ago on Sep 26, 2026· 35m 59s· 8 players
Game mode
Random Map
Map size
Large (8 player)
Population
200
Speed
Normal
Resources
Standard
Victory
Conquest
Starting age
Dark Age
Ending age
Imperial Age
RankedLock teamsTeams togetherTeam positionsShared explorationLock speedFull tech treeHidden civsTurbo modeCheats
Victory
Defeat
🇨🇿 Spanish · Czechia
1077
+16
🇹🇼 Japanese · Taiwan
1073
+16
🇪🇸 Byzantines · Spain
1046
+17
🇲🇽 Vietnamese · Mexico
1027
+18
🇨🇳 Britons · China
1071
-17
🇨🇳 Byzantines · China
1069
-17
🇹🇼 Spanish · Taiwan
1067
-17
🇹🇼 Goths · Taiwan
1060
-16
OAO
12:04 Feudal Age
11:42 Loom
13:16 Double-Bit Axe
13:38 Horse Collar
17:38 Castle Age
20:10 Bow Saw
20:05 Heavy Plow
26:03 Stone Mining
26:08 Gold Mining
28:52 Stone Shaft Mining
28:21 Fletching
28:31 Padded Archer Armor
29:11 Bodkin Arrow
30:13 Ballistics
30:51 Leather Archer Armor
33:25 Imperial Age
34:07 Bracer
34:58 Ring Archer Armor
36:16 Conscription
王哪跑
9:50 Feudal Age
15:19 Castle Age
13:58 Double-Bit Axe
14:54 Stone Mining
14:57 Gold Mining
17:27 Crossbowman
22:17 Fletching
22:38 Forging
24:10 Stone Mining
天道
11:03 Feudal Age
14:53 Castle Age
13:43 Double-Bit Axe
13:41 Horse Collar
15:24 Loom
17:42 Bow Saw
17:35 Heavy Plow
25:24 Wheelbarrow
31:57 Imperial Age
30:41 Husbandry
31:17 Scale Barding Armor
31:23 Forging
32:11 Cavalier
Taiwan_倫仔
2:55 Loom
10:28 Feudal Age
11:10 Double-Bit Axe
11:41 Man-at-Arms
18:20 Castle Age
18:01 Scale Mail Armor
17:49 Horse Collar
19:43 Bow Saw
21:13 Long Swordsman
25:41 Chain Mail Armor
25:36 Forging
24:55 Elite Skirmisher
27:04 Forging
marcobecerrap
11:18 Feudal Age
11:47 Double-Bit Axe
12:39 Wheelbarrow
16:17 Castle Age
17:22 Loom
18:23 Hand Cart
25:16 Bow Saw
27:06 Crossbowman
31:29 Imperial Age
28:54 Elite Skirmisher
29:40 Thumb Ring
29:37 Padded Archer Armor
30:29 Town Watch
30:35 Fletching
31:18 Caravan
32:10 Town Patrol
32:18 Bodkin Arrow
32:34 Forging
32:25 Scale Mail Armor
33:34 Gold Mining
33:35 Stone Mining
33:27 Horse Collar
33:30 Imperial Skirmisher
35:31 Arbalester
Kuro
0:46 Loom
11:30 Feudal Age
12:20 Double-Bit Axe
12:41 Horse Collar
20:45 Castle Age
18:59 Gold Mining
19:55 Scale Mail Armor
20:06 Forging
22:02 Chain Mail Armor
22:23 Iron Casting
22:00 Man-at-Arms
22:28 Arson
22:42 Long Swordsman
23:38 Gambesons
23:54 Squires
32:28 Bow Saw
jONY mELAVO
3:13 Loom
10:34 Feudal Age
11:29 Double-Bit Axe
16:19 Padded Archer Armor
16:47 Fletching
18:01 Wheelbarrow
21:25 Castle Age
21:59 Crossbowman
22:38 Bodkin Arrow
22:58 Leather Archer Armor
22:45 Gold Mining
23:34 Elite Skirmisher
27:39 Thumb Ring
33:13 Ballistics
33:51 Hand Cart
33:20 Horse Collar
33:52 Bow Saw
36:34 Heavy Plow
Hyper-Drive
5:11 Loom
13:24 Feudal Age
15:08 Double-Bit Axe
18:37 Castle Age
16:47 Horse Collar
17:34 Fletching
19:18 Bodkin Arrow
22:19 Padded Archer Armor
22:24 Husbandry
23:37 Gold Mining
25:01 Leather Archer Armor
25:24 Ballistics
25:28 Bow Saw
25:23 Heavy Plow
26:15 Stone Mining
26:51 Light Cavalry
27:42 Bloodlines
33:34 Thumb Ring
38:12 Imperial Age
37:09 Wheelbarrow
36:20 Town Watch
Connection lost

Rejoining the realm…

Still unreachable

The connection could not be restored.

Session expired

The server has moved on; the page needs a fresh start.